 Dungeon Crawl Stone Soup version 0.20-a0-1043-gbd57889 (webtiles) character file.

60 pichaelthompson the Sneak (level 4, -3/29 HPs)
             Began as an Octopode Assassin on Apr 24, 2017.
             Slain by an orc wizard
             ... wielding a +0 dagger
              (4 damage)
             ... on level 3 of the Dungeon.
             The game lasted 00:06:56 (1914 turns).

pichaelthompson the Sneak (Octopode Assassin)       Turns: 1914, Time: 00:06:57

Health: -3/29      AC:  1    Str: 16    XL:     4   Next: 6%
Magic:  4/4        EV: 13    Int: 13    God:
Gold:   99         SH:  0    Dex: 13    Spells: 2/3 levels left

rFire    . . .     SeeInvis .   a - +2 dagger
rCold    . . .     Gourm    .   (no shield)
rNeg     . . .     Faith    .   (helmet restricted)
rPois    .         Spirit   .   (no amulet)
rElec    .         Reflect  .   (no ring)
rCorr    .         Harm     .   (no ring)
MR       .....                  (no ring)
Stlth    ++++......             (no ring)
Regen    0.1/turn               (no ring)
MPRegen  0.1/turn               (no ring)
                                (no ring)
                                (no ring)

@: mighty
A: almost no armour, stealthy swim, amphibious, 8 rings, constrict 8, camouflage
1, gelatinous body 1
a: no special abilities


You were on level 3 of the Dungeon.
You were not hungry.

You visited 1 branch of the dungeon, and saw 3 of its levels.

You collected 99 gold pieces.

Inventory:

Hand Weapons
 a - a +2 dagger (weapon)
 b - a +0 blowgun
Missiles
 c - 8 poisoned needles
 d - 2 curare-tipped needles
 q - 2 needles of sleeping
Wands
 o - a wand of disintegration (12/24)
 r - a wand of digging (14/24)
Scrolls
 e - 3 scrolls of enchant weapon {unknown}
 h - 6 scrolls of identify {unknown}
 j - 3 scrolls of amnesia {unknown}
 n - a scroll of immolation {unknown}
 s - a scroll of remove curse {unknown}
Potions
 k - a potion of agility {unknown}
 m - a potion of haste {unknown}
Books
 p - a book of Cantrips

   Spells                             Type                      Level
   a - Confusing Touch                Hexes                        1
   b - Animate Skeleton               Necromancy                   1
   c - Summon Small Mammal            Summoning                    1
   d - Apportation                    Translocation                1
Comestibles
 f - 5 bread rations
 l - 4 meat rations


   Skills:
 + Level 2.1 Fighting
 + Level 2.2 Short Blades
 * Level 2.0 Throwing
 * Level 1.6 Dodging
 + Level 6.8 Stealth
 * Level 0.1 Spellcasting
 * Level 0.4 Summonings


You had 2 spell levels left.
You knew the following spells:

 Your Spells              Type           Power        Failure   Level  Hunger
a - Summon Small Mammal   Summ           #...         26%         1    ##.....


Dungeon Overview and Level Annotations

Branches:
Dungeon (3/15)

Altars:


Innate Abilities, Weirdness & Mutations

You cannot wear most types of armour.
You are very stealthy in the water. (Stealth+)
You are amphibious.
You can wear up to eight rings at the same time.
You can use your tentacles to constrict eight enemies at once.
Your skin changes colour to match your surroundings (Stealth+).
Your rubbery body absorbs attacks. (AC +1, EV +1)


Message History

The orc wizard gestures wildly while chanting.
The orc wizard blinks!
You hit the orc. You grab the orc. You squeeze the orc.
You kill the orc!
You hit the hobgoblin. You grab the hobgoblin.
The hobgoblin is lightly wounded.
You constrict the hobgoblin, but do no damage.
The orc wizard gestures at you while chanting.
The magic dart hits you!
* * * LOW HITPOINT WARNING * * *
The hobgoblin barely misses you.
You hit the hobgoblin but do no damage.
The hobgoblin is lightly wounded.
You constrict the hobgoblin.
It was a potion of might.
You feel very mighty all of a sudden.
You constrict the hobgoblin. The orc wizard hits you with a dagger.
* * * LOW HITPOINT WARNING * * *
The hobgoblin completely misses you. The orc wizard hits you with a dagger.
You die...

# #. ######## #.#
#######8##8##8 ...#
#....'........ ...
#.#####8##8##8
#.#####.# ########
##.##.o.(...###......
......g@(............
.####.)########......
..... #...# .......
..# .####(. # #.. #..
#.>


You could see an orc wizard and a hobgoblin.

Vanquished Creatures
  An adder (D:3)
  2 worms (D:2)
  A dart slug (D:3)
  2 leopard geckos
  2 orcs (D:3)
  2 bats (D:1)
  3 giant cockroaches
  A goblin (D:1)
  4 hobgoblins
  5 jackals
  6 kobolds
  A quokka (D:3)
  4 frilled lizards
  3 rats (D:1)
37 creatures vanquished.

Notes
Turn   | Place    | Note
-------+----------+-------------------------------------------
     0 | D:1      | pichaelthompson the Octopode Assassin began the quest for the Orb.
     0 | D:1      | Reached XP level 1. HP: 14/14 MP: 1/1
   233 | D:1      | Reached XP level 2. HP: 15/19 MP: 2/2
   465 | D:1      | Reached skill level 6 in Stealth
   859 | D:2      | Reached XP level 3. HP: 24/24 MP: 3/3
  1293 | D:2      | Learned a level 1 spell: Summon Small Mammal
  1909 | D:3      | Reached XP level 4. HP: 9/29 MP: 4/4
  1914 | D:3      | HP: 1/29 [orc wizard/dagger (2)]
  1914 | D:3      | Slain by an orc wizard

Vault maps used:
D:1:      minmay_arrival_four_loops, feat_on_display
D:2:      first_bread
D:3:      dk_noncrumbling_2

Skill      XL: |  1  2 |
---------------+-------+-----
Stealth        | 6 |  6.8
Fighting       | |  2.1
Short Blades   | |  2.2
Throwing       | |  2.0
Dodging        | |  1.6
Spellcasting   | |  0.1
Summonings     | |  0.4

Action                   |  1- 3 |  4- 6 || total
-------------------------+-------+-------++-------
Melee: Dagger            |    60 |     4 ||    64
       Constrict         |    13 |     2 ||    15
       Tentacles         |     8 |     1 ||     9
 Cast: Summon Small Mamm |     1 |       ||     1
  Use: Potion            |       |     1 ||     1
 Stab: Sleeping          |    17 |       ||    17
       Distracted        |     1 |       ||     1
  Eat: Chunk             |     3 |       ||     3
Armor: Skin              |     6 |       ||     6
Dodge: Dodged            |    25 |     2 ||    27
